 Dungeon Crawl Stone Soup version 0.31-a0-214-gb37851dbb3 (webtiles) character file.

Game seed: 5651485856560889868

164 shakesphere1979 the Sneak (level 5, -2/35 HPs)
             Began as a Kobold Delver on July 1, 2023.
             Slain by an iguana (10 damage)
             ... on level 3 of the Dungeon.
             The game lasted 00:12:21 (1725 turns).

shakesphere1979 the Sneak (Kobold Delver)           Turns: 1725, Time: 00:12:22

Health: -2/35      AC:  3    Str: 10    XL:     5   Next: 73%
Magic:  5/5        EV: 15    Int: 11    God:
Gold:   111        SH:  0    Dex: 18    Spells: 4/4 levels left

rFire   . . .        m - +2 dagger (speed)
rCold   . . .        (no shield)
rNeg    . . .        b - +0 leather armour
rPois   .            (no helmet)
rElec   .            (no cloak)
rCorr   .            (no gloves)
SInv    .            (no boots)
Will    .....        (no amulet)
Stlth   +++++        (no ring)
HPRegen 0.25/turn    (no ring)
MPRegen 0.09/turn

%: no passive effects
@: no status effects
A: small, no large weapons, nightstalker 3
a: no special abilities


You were on level 3 of the Dungeon.
You visited 1 branch of the dungeon, and saw 5 of its levels.

You collected 111 gold pieces.

Inventory:

Hand Weapons
 a - a +0 short sword
 m - a +2 dagger of speed (weapon)
Missiles
 i - 8 poisoned darts
 l - 18 stones
Armour
 b - a +0 leather armour (worn)
 w - a +0 scale mail
Jewellery
 k - an amulet of faith
Wands
 g - a wand of digging (3)
Scrolls
 c - 2 scrolls of fog
 e - 3 scrolls of fear
 j - a scroll of vulnerability {unknown}
 n - 5 scrolls of identify
 s - a scroll of enchant weapon {unknown}
 t - a scroll of enchant armour {unknown}
Potions
 d - a potion of heal wounds {unknown}
 f - a potion of haste
 h - a potion of mutation {unknown}
 o - a potion of degeneration {unknown}
 p - a potion of brilliance {unknown}
 q - a potion of curing {unknown}
 r - a potion of ambrosia {unknown}
 u - a potion of resistance {unknown}
 v - a potion of cancellation {unknown}


   Skills:
 + Level 5.1 Fighting
 - Level 2.6 Short Blades
 - Level 0.4 Armour
 + Level 3.6 Dodging
 + Level 7.6 Stealth


You had 4 spell levels left.
You didn't know any spells.
Your spell library contained the following spells:

 Spells                   Type           Power      Damage    Failure   Level
 Necrotise                Necr           0%         1d4       43%         1
 Sublimation of Blood     Necr           0%         N/A       58%         2
 Wereblood                Tmut           0%         N/A       58%         2
 Call Canine Familiar     Summ           0%         N/A       82%         3
 Portal Projectile        Hex/Tloc       0%         N/A       82%         3
 Vampiric Draining        Necr           0%         2d6       82%         3
 Leda's Liquefaction      Hex/Erth       0%         N/A       99%         4
 Agony                    Necr           0%         N/A       100%        5
 Summon Hydra             Summ           0%         N/A       100%        7


Dungeon Overview and Level Annotations

Branches:
Dungeon (5/15)
 Temple: D:4-7

Altars:
Trog

Shops:
D:2 ?


Innate Abilities, Weirdness & Mutations

You are small and have problems with some larger weapons.
You are completely attuned to the shadows.


Message History

You closely miss the iguana.
The iguana is moderately wounded.
You hit the iguana but do no damage.
The iguana is moderately wounded.
The iguana bites you.
You are too injured to fight recklessly!
You are too injured to fight recklessly!
You are too injured to fight recklessly!
You hit the iguana but do no damage.
The iguana is moderately wounded.
You hit the iguana but do no damage.
The iguana is moderately wounded.
The iguana barely misses you.
You closely miss the iguana.
The iguana is moderately wounded.
You closely miss the iguana.
The iguana is moderately wounded.
The iguana barely misses you.
You closely miss the iguana.
The iguana is moderately wounded.
The iguana bites you but does no damage.
You hit the iguana.
The iguana is heavily wounded.
You hit the iguana but do no damage.
The iguana is heavily wounded.
The iguana bites you!
* * * LOW HITPOINT WARNING * * *
Unknown command.
Hit: m) +2 dagger (speed)
Press: ? - help, Dir - move target, f - iguana
Aim: an iguana (heavily wounded, about 27% to evade your +2 dagger of speed)
Okay, then.
Okay, then.
Unknown command.
The iguana attacks as you move away! The iguana barely misses you.
The iguana attacks as you move away! The iguana misses you.
The iguana attacks as you move away! The iguana closely misses you.
There is a stone staircase leading up here.
The iguana bites you!
You die...

###########
..........#
###.#####.##
# #........#
# #######..#
# #..#######
# #........#
# ##..####.#
# ##.# #@#
#.# #l# #.#
#.# #.# #.#
#.# ####.#
#....#
#.####


You could see an iguana.

Vanquished Creatures
  A jelly (D:4)
  Jessica (D:2)
  Terence (D:2)
  3 adders
  A worm (D:3)
  2 dart slugs
  An orc (D:4)
  4 endoplasms
  A giant cockroach (D:2)
  3 goblins
  6 hobgoblins
  4 jackals
  5 kobolds
  2 quokkas
  4 ball pythons
  6 bats
  4 rats (D:1)
49 creatures vanquished.

Notes
Turn   | Place    | Note
-------+----------+-------------------------------------------
     0 | D:5      | shakesphere1979 the Kobold Delver began the quest for the
                  | Orb.
     0 | D:5      | Reached XP level 1. HP: 14/14 MP: 1/1
   105 | D:4      | Reached XP level 2. HP: 20/20 MP: 2/2
   130 | D:4      | Reached XP level 3. HP: 24/24 MP: 3/3
   132 | D:4      | Found a bloodstained altar of Trog.
   273 | D:3      | Reached XP level 4. HP: 30/30 MP: 4/4
   429 | D:2      | Noticed Terence
   483 | D:2      | Reached skill level 5 in Fighting
   487 | D:2      | Noticed Jessica
   960 | D:1      | Reached XP level 5. HP: 35/35 MP: 5/5
  1287 | D:2      | Killed Jessica
  1288 | D:2      | Reached skill level 7 in Stealth
  1301 | D:2      | Killed Terence
  1371 | D:2      | Found Sinia's Magic Scroll Shop.
  1725 | D:3      | Slain by an iguana

Illustrated notes

Levels and vault maps discovered:
D:1:      dpeg_arrival_shrine, layout_rooms, chequers_hall_statues_y
D:2:      layout_basic, serial_shops, nicolae_shop_crystal,
          dreamdust_princess_corridor, nicolae_concentric_dashed_squares_wild,
          uniq_jessica, uniq_terence
D:3:      layout_loops_ring, hellmonk_ecumenical_altar_leap_of_faith,
          minmay_pentomino_pile, uniq_natasha
D:4:      layout_basic, trog_three_pillars_becter, temple_pool_b
D:5:      layout_loops_corners, minmay_shop_damaged

Skill      XL: |  1  2  3  4  5 |
---------------+----------------+-----
Fighting       | 4 5 |  5.1
Dodging        | 3 |  3.6
Stealth        | 7 |  7.6
Short Blades   | |  2.6
Armour         | |  0.4

Action                     |  1- 3 |  4- 6 || total
---------------------------+-------+-------++-------
  Melee: Short sword       |    16 |    46 ||    62
         Dagger            |       |    53 ||    53
    Use: Scroll            |     1 |     1 ||     2
   Stab: Sleeping          |     8 |    24 ||    32
         Distracted        |       |     1 ||     1
 Armour: Leather armour    |     1 |    20 ||    21
  Dodge: Dodged            |     6 |    66 ||    72

Table legend: (Time is in decaauts)
 A = Elapsed time spent in this place.
 B = Non-inter-level travel time spent in this place.
 C = Inter-level travel time spent in this place.
 D = Time resting spent in this place.
 E = Time spent auto-exploring this place.
 F = Levels seen in this place.
 G = Mean time per level.
                   A        B        C        D        E       F      G
               +--------+--------+--------+--------+--------+-----+--------+
         Total |   1692 |   1669 |     23 |      0 |    892 |   5 |  338.4 |
       Dungeon |   1692 |   1669 |     23 |      0 |    892 |   5 |  338.4 |
               +--------+--------+--------+--------+--------+-----+--------+

Top non-repeatable levels by time:
     D:2: 648 daAuts
     D:1: 563 daAuts
     D:3: 220 daAuts
     D:4: 164 daAuts
     D:5: 97 daAuts
